 Dungeon Crawl Stone Soup version 0.17-a0-1572-g7a1422d (webtiles) character file.

42377 mrath the Protected (level 13, -14/122 HPs)
             Began as a Minotaur Fighter on July 25, 2015.
             Was a High Priest of Okawaru.
             Demolished by a death yak (21 damage)
             ... on level 6 of the Lair of Beasts on July 26, 2015.
             The game lasted 03:17:43 (22861 turns).

mrath the Protected (Minotaur Fighter)             Turns: 22861, Time: 03:17:43

Health: -14/122    AC:  1    Str: 27    XL:     13   Next: 85%
Magic:  19/19      EV: 11    Int:  5    God:    Okawaru [*****.]
Gold:   998        SH: 16    Dex:  9    Spells: 0 memorised, 12 levels left

rFire  . . .     SeeInvis +     z - +3 broad axe (distort)
rCold  . . .     Clarity  .     (no armour)
rNeg   . . .     SustAt   .     k - +3 shield
rPois  .         Gourm    .     (helmet unavailable)
rElec  .         Spirit   .     (no cloak)
rCorr  .         Warding  .     (no gloves)
rMut   +         Stasis   .     A - +0 pair of boots
MR     +....                    c - amulet of resist mutation
Stlth  +.........               K - ring of see invisible
                                j - ring of protection from magic

@: very slightly contaminated, somewhat resistant to hostile enchantments, very
unstealthy
A: retaliatory headbutt, horns 3
a: Heroism, Finesse, Renounce Religion


You were on level 6 of the Lair of Beasts.
You worshipped Okawaru.
Okawaru was extremely pleased with you.
You were not hungry.

You visited 2 branches of the dungeon, and saw 17 of its levels.
You also visited: Ossuary.

You collected 1182 gold pieces.
You spent 184 gold pieces at shops.

Inventory:

Hand weapons
 d - a +3 great mace of holy wrath
 s - a +1 mace of draining
 w - a +4 battleaxe of freezing
 y - a +0 blowgun
 z - a +3 broad axe of distortion (weapon)
 J - the +9 spear "Pipluc" {pierce, rElec rC+, unknown}
   (You found it on level 6 of the Lair of Beasts)

   It inflicts extra damage upon your enemies.
   It protects you from cold.
   It insulates you from electricity.
 L - a +0 hand axe of chopping
 Y - the +8 broad axe of Qatyeved {pain, Dex+2}
   (Okawaru gifted it to you on level 2 of the Lair of Beasts)

   In the hands of one skilled in necromantic magic, it inflicts extra damage on
   living creatures.
   It affects your dexterity (+2).
Missiles
 g - 663 stones (quivered)
 B - 8 needles of paralysis
 M - 74 poisoned needles
Armour
 k - a +3 shield (worn)
 p - a +1 plate armour
 A - a +0 pair of boots (worn)
 W - the +2 robe of Pathos {rCorr}
   (Okawaru gifted it to you on level 7 of the Lair of Beasts)

   It protects you from acid and corrosion.
Jewellery
 b - a +2 ring of strength
 c - an amulet of resist mutation (around neck)
 j - a ring of protection from magic (left hand)
 K - a ring of see invisible (right hand)
 T - an uncursed ring of ice
Magical devices
 a - a wand of teleportation (5)
 o - a wand of lightning (5)
 q - a wand of flame (21)
 v - a wand of frost (21)
 D - a wand of fire (4)
 U - a wand of slowing (28)
 V - a wand of polymorph (16)
Scrolls
 m - 2 scrolls of remove curse
 r - a scroll of fear
 t - 3 scrolls of magic mapping
 u - 6 scrolls of teleportation
 H - 2 scrolls of blinking
 X - 3 scrolls of recharging
Potions
 f - a potion of flight
 i - 3 potions of agility
 l - 7 potions of curing
 n - 3 potions of poison {unknown}
 x - 2 potions of invisibility
 E - 2 potions of haste
 S - a potion of cancellation {unknown}
 Z - a potion of lignification
Books
 h - a book of Callings

   Spells                             Type                      Level
   a - Summon Small Mammal            Summoning                    1
   b - Call Imp                       Summoning                    2
   c - Call Canine Familiar           Summoning                    3
   d - Summon Guardian Golem          Hexes/Summoning              3
   e - Summon Lightning Spire         Summoning/Air                4
   f - Summon Ice Beast               Ice/Summoning                4
 N - a book of the Tempests

   Spells                             Type                      Level
   a - Static Discharge               Conjuration/Air              3
   b - Lightning Bolt                 Conjuration/Air              5
   c - Fireball                       Conjuration/Fire             5
   d - Tornado                        Air                          9
   e - Shatter                        Earth                        9
Miscellaneous
 F - a plain deck of summoning
 Q - a phantom mirror
Comestibles
 e - 7 bread rations
 C - 6 meat rations
 I - 17 chunks of flesh
 O - a slice of pizza
 P - 10 royal jellies
 R - a beef jerky


   Skills:
 + Level 13.1 Fighting
 + Level 13.2 Axes
 + Level 13.5 Armour
 - Level 1.6 Dodging
 + Level 13.3 Shields
 + Level 10.2 Invocations


You had 12 spell levels left.
You didn't know any spells.

Dungeon Overview and Level Annotations

Branches:
Dungeon (10/15)            Temple (0/1) D:6            Lair (7/8) D:10
  Swamp (0/4) Lair:4       Spider (0/4) Lair:5        Slime (0/6) Lair:6
    Orc: D:9-12

Altars:
Dithmenos
Elyvilon
Fedhas
Kikubaaqudgha
Makhleb
Okawaru
Sif Muna
Trog
Vehumet
Xom
Yredelemnul
The Shining One
Jiyva

Shops:
D:8 *=


Innate Abilities, Weirdness & Mutations

You reflexively headbutt those who attack you in melee.
You have a pair of large horns on your head.


Message History

You feel sick.
There is a stone staircase leading down here.
Drink which item? (? for menu, Esc to quit)
You feel much better.
You feel sick. The death yak closely misses you. You furiously retaliate!
You headbutt the death yak. You slash the death yak!
You headbutt the death yak!
The death yak is moderately wounded.
The death yak blinks!
You feel sick.
Drink which item? (? for menu, Esc to quit)
You feel better. The death yak gores you!!
* * * LOW HITPOINT WARNING * * *
You barely miss the death yak.
The death yak is moderately wounded.
You block the death yak's attack.
You slash the death yak!
Space bends around the death yak.
You headbutt the death yak!
The death yak is severely wounded.
The death yak gores you!!
You die...

#.....................#.#
.................###...##
................#..#...#
...................#.####
..........†.............##
......................P#.#
...........#.#...........#
............###.........##
P#........####>.@Y.......#
..#.....#####..........###
..####### ##............#
..# #.............## ..#
#..............# ..##
##...........P.# ...#
##...........## .###
##.........##


PP# ##........# You could see a death yak.

Vanquished Creatures
  Rupert (Lair:7)
  2 hydras
  5 death yaks
  A slime creature (Lair:6)
  An unseen horror (D:10)
  Pikel (D:8)
  2 griffons
  29 elephants
  6 spiny frogs
  Psyche (D:9)
  3 black mambas
  5 komodo dragons
  3 fire drakes
  2 trolls
  A polar bear (Lair:6)
  8 blink frogs
  29 yaks
  A hungry ghost (D:8)
  3 basilisks
  5 hippogriffs
  11 wolves
  13 water moccasins
  9 porcupines
  An orc warrior (D:10)
  2 ice beasts
  A sky beast (D:9)
  6 spiders (Lair:5)
  A black bear (D:9)
  4 centaurs
  2 slaves (D:8)
  9 crocodiles
  A wasp (D:10)
  3 ogres
  A big kobold (D:8)
  9 giant frogs
  A gnoll sergeant (D:6)
  4 scorpions
  9 killer bees
  7 wights (D:8)
  4 crimson imps
  A centaur skeleton (D:10)
  2 centaur zombies (Ossuary)
  4 hounds
  10 jellies
  8 orc wizards
  5 iguanas
  5 orc priests
  A sheep (D:10)
  6 worker ants
  3 big kobold zombies (Ossuary)
  4 mummies (Ossuary)
  2 hound skeletons
  A worker ant zombie (D:8)
  11 gnolls
  11 adders
  18 river rats
  2 shadow imps
  7 oozes
  An adder zombie (D:7)
  2 adder skeletons
  2 worms
  7 giant geckos
  34 orcs
  A bat skeleton (D:6)
  4 giant cockroaches
  9 goblins
  16 hobgoblins
  13 jackals
  20 kobolds
  A ball python (D:1)
  11 bats
  A giant gecko skeleton (D:4)
  6 giant newts
  A hobgoblin zombie (Ossuary)
  2 jackal skeletons (D:5)
  2 quokkas
  A quokka skeleton (D:5)
  A quokka zombie (D:6)
  15 rats
  3 fungi (Lair:6)
  16 plants
477 creatures vanquished.

Vanquished Creatures (others)
  2 death yaks (Lair:5)
  A lindwurm (Lair:7)
  An elephant (Lair:4)
  A fire drake (Lair:6)
  A water moccasin (Lair:6)
  An ogre (D:8)
  A crimson imp (D:8)
  A giant cockroach (D:5)
  A goblin (D:5)
  2 kobolds (D:8)
  A bush (Lair:2)
  29 fungi
  22 plants
  A toadstool (D:6)
65 creatures vanquished.

Grand Total: 542 creatures vanquished

Notes
Turn   | Place    | Note
--------------------------------------------------------------
     0 | D:1      | mrath the Minotaur Fighter began the quest for the Orb.
     0 | D:1      | Reached XP level 1. HP: 19/19 MP: 0/0
   521 | D:1      | Reached XP level 2. HP: 27/27 MP: 1/1
   822 | D:1      | Reached skill level 4 in Fighting
   890 | D:1      | Found an ancient bone altar of Kikubaaqudgha.
   890 | D:1      | Found a shadowy altar of Dithmenos.
  1159 | D:2      | Found a bloodstained altar of Trog.
  1383 | D:2      | Reached skill level 1 in Dodging
  1383 | D:2      | Reached XP level 3. HP: 29/33 MP: 2/2
  1766 | D:2      | Reached XP level 4. HP: 40/40 MP: 3/3
  2657 | D:3      | Found a radiant altar of Vehumet.
  2814 | D:3      | Found a burning altar of Makhleb.
  2837 | D:3      | Found an iron altar of Okawaru.
  2848 | D:3      | Reached XP level 5. HP: 40/47 MP: 4/4
  2905 | D:3      | Became a worshipper of Warmaster Okawaru
  3101 | D:4      | Found a sand-covered staircase.
  3106 | Ossuary  | Entered an ossuary
  3222 | Ossuary  | Reached skill level 5 in Armour
  3222 | Ossuary  | Reached skill level 5 in Shields
  3445 | Ossuary  | Reached XP level 6. HP: 55/55 MP: 5/5
  3510 | Ossuary  | Reached skill level 5 in Fighting
  3575 | D:4      | Noticed an ogre
  3581 | D:4      | Killed an ogre
  3839 | D:4      | Acquired Okawaru's first power
  4394 | D:4      | Reached XP level 7. HP: 58/61 MP: 6/6
  4409 | D:4      | Reached skill level 5 in Axes
  5219 | D:5      | Entered Level 5 of the Dungeon
  5293 | D:5      | Reached skill level 6 in Armour
  5847 | D:5      | Reached XP level 8. HP: 16/70 MP: 7/7
  6353 | D:5      | Found a deep blue altar of Sif Muna.
  6789 | D:5      | Found a white marble altar of Elyvilon.
  6861 | D:6      | Found a staircase to the Ecumenical Temple.
  7036 | D:6      | Found a glowing golden altar of the Shining One.
  7256 | D:6      | Reached skill level 1 in Invocations
  7273 | D:6      | Reached skill level 7 in Armour
  7528 | D:6      | Found a viscous altar of Jiyva.
  8254 | D:3      | Found a basalt altar of Yredelemnul.
  9734 | D:8      | Reached XP level 9. HP: 76/79 MP: 10/10
  9963 | D:8      | Reached skill level 8 in Armour
 10082 | D:8      | Noticed Pikel
 10109 | D:8      | Killed Pikel
 10330 | D:8      | Found Buukhok Xias's Jewellery Boutique.
 10565 | D:8      | Found Xitzucho's Assorted Antiques.
 10570 | D:8      | Bought a scroll of identify for 46 gold pieces
 10570 | D:8      | Bought a potion of curing for 69 gold pieces
 10570 | D:8      | Bought a scroll of remove curse for 69 gold pieces
 10853 | D:9      | Reached skill level 9 in Armour
 10921 | D:9      | Found a shimmering altar of Xom.
 11126 | D:9      | Reached XP level 10. HP: 48/90 MP: 12/12
 11341 | D:9      | Found a shadowy altar of Dithmenos.
 11414 | D:9      | Noticed Psyche
 11440 | D:9      | Killed Psyche
 11508 | D:9      | Acquired Okawaru's second power
 11508 | D:9      | Reached skill level 5 in Invocations
 11705 | D:9      | Found an ancient bone altar of Kikubaaqudgha.
 11707 | D:9      | Found a blossoming altar of Fedhas.
 11781 | D:10     | Entered Level 10 of the Dungeon
 12083 | D:10     | Found an ancient bone altar of Kikubaaqudgha.
 12106 | D:10     | Noticed an elephant
 12108 | D:10     | Found a staircase to the Lair.
 12130 | D:10     | Killed an elephant
 12828 | D:10     | Killed an unseen horror
 12828 | D:10     | Received a gift from Okawaru
 12829 | D:10     | Got a crude arbalest {god gift}
 12832 | D:10     | Identified the +3 arbalest of the Extremes {elec, Stlth+} (Okawaru gifted it to you on level 10 of the Dungeon)
 13044 | Lair:1   | Entered Level 1 of the Lair of Beasts
 13203 | Lair:1   | Reached skill level 10 in Armour
 13262 | Lair:1   | Identified the Disquisition on Spatial Stolen Souls
 13620 | Lair:1   | Got a heavily runed chain mail
 13631 | Lair:1   | Identified the cursed +0 chain mail of the Blessed Realm {rC+ Int+4 Dex-2} (You found it on level 1 of the Lair of Beasts)
 13753 | Lair:1   | Noticed a black mamba
 13760 | Lair:1   | Killed a black mamba
 14009 | Lair:2   | Reached skill level 10 in Shields
 14285 | Lair:2   | Reached XP level 11. HP: 92/99 MP: 14/14
 14406 | Lair:2   | Reached skill level 10 in Fighting
 14999 | Lair:2   | Received a gift from Okawaru
 15003 | Lair:2   | Reached skill level 10 in Axes
 15201 | Lair:2   | Got a crude broad axe {god gift}
 15202 | Lair:2   | Identified the +8 broad axe of Qatyeved {pain, Dex+2} (Okawaru gifted it to you on level 2 of the Lair of Beasts)
 15541 | Lair:3   | Got an ancient leather armour
 16256 | Lair:3   | Reached skill level 11 in Armour
 16546 | Lair:3   | Gained mutation: You have a pair of large horns on your head. [potion of beneficial mutation]
 16705 | Lair:3   | Identified the +1 leather armour of the Ban {Str+5} (You found it on level 3 of the Lair of Beasts)
 16881 | Lair:4   | Found a staircase to the Swamp.
 16913 | Lair:4   | Noticed a four-headed hydra
 16939 | Lair:4   | Killed a four-headed hydra
 17357 | Lair:4   | Reached XP level 12. HP: 94/110 MP: 16/16
 17931 | Lair:4   | Received a gift from Okawaru
 18357 | Lair:4   | Reached skill level 12 in Armour
 18814 | Lair:5   | Received a gift from Okawaru
 19071 | Lair:4   | Noticed an eight-headed hydra
 19081 | Lair:4   | Reached XP level 13. HP: 34/118 MP: 18/18
 19126 | Lair:3   | Noticed an eight-headed hydra
 20560 | Lair:5   | Found a hole to the Spider Nest.
 20731 | Lair:6   | Reached skill level 13 in Armour
 21099 | Lair:6   | Got a jewelled spear
 21153 | Lair:6   | Received a gift from Okawaru
 21856 | Lair:6   | Found a staircase to the Slime Pits.
 22598 | Lair:7   | Noticed Rupert
 22604 | Lair:7   | Paralysed by Rupert for 2 turns
 22615 | Lair:7   | Killed Rupert
 22615 | Lair:7   | Reached skill level 10 in Invocations
 22799 | Lair:7   | Received a gift from Okawaru
 22802 | Lair:7   | Got an ominously black robe {god gift}
 22824 | Lair:7   | Identified the +2 robe of Pathos {rCorr} (Okawaru gifted it to you on level 7 of the Lair of Beasts)
 22850 | Lair:7   | HP: 2/122 [eight-headed hydra (5)]
 22859 | Lair:6   | HP: 6/122 [death yak (26)]
 22861 | Lair:6   | Demolished by a death yak

Vault maps used:
D:1:      erik_arrival_cave_to_civilisation
D:2:      first_bread, trog_hazing_becter
D:3:      lemuel_doored_altar, vehumet_altar_wand_db, okawaru_trees_2,
          lemuel_crystal_altar, minmay_misc_feat_cross
D:4:      corexii_shack_village, enter_ossuary_2
D:5:      elyvilon_altar_4, overflow_temple_1_default
D:6:      old_standard_altar, minmay_temple_entry_overgrown,
          lasty_cornered_adventurer
D:7:      st_stairs_10
D:8:      serial_shops, nicolae_shop_stone, kennysheep_little_box,
          hangedman_little_slice_of_home, uniq_pikel
D:9:      grunt_temple_overflow_growth_and_decay, lemuel_crystal_altar,
          grunt_dithmenos_shadows, uniq_psyche
D:10:     david_lair_generic, serial_glass, glass_columns_a, glass_columns_a,
          lemuel_tele_altar
Lair:3:   infiniplex_staircase_pool_2
Lair:4:   beast_lair_carwin_large_4, swamp_mist
Lair:5:   nicolae_spider_entry_tight_spaces, minmay_holes,
          infiniplex_staircase_pool
Lair:6:   minmay_slime_entry_pillars
Lair:7:   nicolae_volcano_entry_hallway, uniq_snorg, uniq_rupert
Ossuary:  ossuary_the_hunt_dpeg

Action                   |  1- 3 |  4- 6 |  7- 9 | 10-12 | 13-15 || total
-------------------------+-------+-------+-------+-------+-------++-------
Melee: War axe           |    70 |   154 |   423 |    38 |       ||   685
       Mace              |       |       |     1 |     5 |       ||     6
       Battleaxe         |       |       |       |   129 |       ||   129
       Broad axe         |       |       |       |   291 |   253 ||   544
 Fire: Blowgun           |       |       |     6 |       |       ||     6
       Greatsling        |       |       |       |     2 |       ||     2
Throw: Stone             |     5 |     5 |    12 |    25 |    17 ||    64
       Tomahawk          |       |     8 |     8 |       |       ||    16
Invok: Heroism           |       |       |     2 |     5 |     6 ||    13
       Finesse           |       |       |       |     2 |     4 ||     6
  Use: Potion            |     1 |       |     2 |     3 |     4 ||    10
       Scroll            |       |     5 |    13 |     9 |    13 ||    40
  Eat: Chunk             |     1 |     5 |     9 |     9 |     6 ||    30
       Beef jerky        |     1 |       |     3 |     3 |       ||     7
       Bread ration      |       |     1 |     2 |     2 |     1 ||     6
       Pizza             |       |       |       |     2 |       ||     2
       Fruit             |       |       |       |     4 |       ||     4
